 Dungeon Crawl Stone Soup version 0.30-a0-702-gdf48620a09 (webtiles) character file.

Game seed: 16348752387027953257

955 flotson the Sneak (level 7, -5/55 HPs)
             Began as a Demonspawn Delver on Jan 22, 2023.
             Was an Initiate of Hepliaklqana.
             Shot with a bolt by an orc warrior (12 damage)
             ... on level 5 of the Dungeon.
             The game lasted 00:08:27 (4847 turns).

flotson the Sneak (Demonspawn Delver)               Turns: 4847, Time: 00:08:27

Health: -5/55      AC:  7    Str: 20      XL:     7   Next: 91%
Magic:  0/8        EV: 13    Int:  9 (11) God:    Hepliaklqana [......]
Gold:   139        SH:  0    Dex: 15      Spells: 6/6 levels left

rFire   . . .      SeeInvis .    G - +0 hand axe (heavy)
rCold   + . .      Faith    .    (no shield)
rNeg    . . .      Spirit   +    H - +1 leather armour of Hysteria {rC+}
rPois   .          Reflect  .    A - +0 helmet
rElec   .          Harm     .    n - +0 cloak
rCorr   .          Rampage  .    (no gloves)
Will    .....                    (no boots)
Stlth   +++                      (no amulet)
HPRegen 0.29/turn                k - +6 ring of strength
MPRegen 0.22/turn                u - ring of flight

@: flying, hasted, very quick
A: magic shield, magic regeneration, sharp scales 1
a: Renounce Religion


You were on level 5 of the Dungeon.
You worshipped Hepliaklqana.
Hepliaklqana was noncommittal.
You visited 2 branches of the dungeon, and saw 6 of its levels.

You collected 139 gold pieces.

Inventory:

Hand Weapons
 G - a +0 heavy hand axe (weapon)
Missiles
 l - 3 boomerangs
 m - 17 poisoned darts (quivered)
 F - a throwing net
Armour
 n - a +0 cloak (worn)
 A - a +0 helmet (worn)
 H - the +1 leather armour of Hysteria (worn) {rC+}
   (You found it on level 5 of the Dungeon)

   rC:        It protects you from cold.
Jewellery
 k - a +6 ring of strength (left hand)
 u - a ring of flight (right hand)
Wands
 g - a wand of digging (3)
 q - a wand of paralysis (9)
 z - a wand of flame (22)
Scrolls
 a - a scroll of amnesia {unknown}
 b - a scroll of enchant weapon {unknown}
 c - 4 scrolls of fog
 d - 3 scrolls of magic mapping
 e - 3 scrolls of fear
 i - a scroll of enchant armour {unknown}
 j - a scroll of torment {unknown}
 p - 6 scrolls of teleportation {unknown}
 s - 7 scrolls of identify {unknown}
 v - a scroll of butterflies {unknown}
 w - a scroll of vulnerability {unknown}
 y - a scroll of poison {unknown}
 B - 2 scrolls of noise {unknown}
 I - a scroll of blinking {unknown}
Potions
 h - a potion of cancellation
 o - 3 potions of heal wounds {unknown}
 r - a potion of degeneration
 t - 4 potions of resistance
 x - a potion of curing {unknown}
 C - a potion of mutation {unknown}
 D - a potion of berserk rage
 E - 2 potions of might {unknown}


   Skills:
 + Level 4.6 Fighting
 * Level 3.3 Axes
 + Level 2.6 Throwing
 + Level 2.9 Armour
 + Level 3.8 Dodging
 - Level 5.0 Stealth
 + Level 2.5 Invocations
 + Level 3.2 Evocations


You had 6 spell levels left.
You didn't know any spells.
Your spell library contained the following spells:

 Spells                   Type           Power      Damage    Failure   Level
 Blink                    Tloc           0%         N/A       56%         2
 Cigotuvi's Dreadful Rot  Necr/Pois/Air  0%         N/A       56%         2
 Ensorcelled Hibernation  Hex/Ice        0%         N/A       56%         2
 Lesser Beckoning         Tloc           0%         N/A       56%         2
 Momentum Strike          Conj/Tloc      0%         3d8       56%         2
 Poisonous Vapours        Pois/Air       0%         N/A       56%         2
 Gell's Gravitas          Tloc           0%         N/A       80%         3
 Hailstorm                Conj/Ice       0%         3d3       80%         3
 Mephitic Cloud           Conj/Pois/Air  0%         N/A       80%         3
 Spider Form              Tmut/Pois      0%         N/A       80%         3
 Stone Arrow              Conj/Erth      0%         3d7       80%         3
 Teleport Other           Tloc           0%         N/A       80%         3
 Anguish                  Hex/Necr       0%         N/A       99%         4
 Animate Armour           Summ/Erth      0%         N/A       99%         4
 Ice Form                 Ice/Tmut       0%         N/A       99%         4
 Simulacrum               Ice/Necr       0%         N/A       100%        6
 Lehudib's Crystal Spear  Conj/Erth      0%         10d2      100%        8


Dungeon Overview and Level Annotations

Branches:
Dungeon (5/15)             Temple (1/1) D:4

Altars:
Ashenzari
Cheibriados
Dithmenos
Fedhas
Hepliaklqana
Kikubaaqudgha
Makhleb
Nemelex Xobeh
Qazlal
Trog
Uskayaw
Vehumet
Xom
Yredelemnul

Annotations:
D:5 2 transporters, Menkaure


Innate Abilities, Weirdness & Mutations

When hurt, damage is shared between your health and your magic reserves.
You regenerate magic rapidly.
You are partially covered in razor-sharp scales. (AC +1, Slay +1)


Message History

The orc warrior hits you with a +0 long sword!
You slash the orc priest!
The orc priest is severely wounded.
You barely miss the orc warrior. The orc warrior misses you.
The orc priest closely misses you. The orc warrior misses you.
You barely miss the orc priest.
The orc priest is severely wounded.
You hit the orc warrior.
The orc priest mumbles some strange prayers to Beogh against you.
Beogh smites you!
The orc warrior hits you with a +0 long sword.
The orc priest hits you but does no damage.
The orc warrior hits you with a +0 long sword.
You are too injured to fight recklessly!
You are too injured to fight recklessly!
You are too injured to fight recklessly!
You are too injured to fight recklessly!
You are too injured to fight recklessly!
You are too injured to fight recklessly!
You are too injured to fight recklessly!
You are too injured to fight recklessly!
You are too injured to fight recklessly!
You hit the orc priest.
The orc priest is almost dead.
You barely miss the orc warrior. The orc priest barely misses you.
The orc warrior hits you with a +0 long sword!
* * * LOW HITPOINT WARNING * * *
The orc priest mumbles some strange prayers to Beogh against you.
Beogh smites you!
* * * LOW HITPOINT WARNING * * *
You slash the orc priest!
You kill the orc priest!
You barely miss the orc warrior. The orc warrior closely misses you.
The orc warrior barely misses you.
You feel yourself speed up.
The orc warrior hits you but does no damage.
The orc warrior unwields a +0 long sword.
The orc warrior wields a +0 arbalest.
The orc warrior shoots a bolt.
The bolt hits you!
You die...

#########
#.......#################
#.....o)@................
#.....).#################
############ ### #.# #.##
######## ######)########## ###..#
#.......
................###....###.......
###[....#######..................
####........#####.###.##.).....
#.#.####....#..# #..#.....).


You could see an orc warrior.

Vanquished Creatures
  2 water moccasins (D:5)
  An ice beast (D:5)
  A phantom (D:5)
  A scorpion (D:4)
  A necrophage (D:5)
  Crazy Yiuf (D:2)
  3 orc priests
  A hound (D:5)
  Jessica (D:2)
  An iguana (D:4)
  3 orc wizards
  Robin (D:2)
  6 adders
  A shadow imp (D:5)
  6 dart slugs
  9 orcs
  8 endoplasms
  2 giant cockroaches
  12 goblins
  7 hobgoblins
  7 jackals (D:1)
  5 quokkas
  3 ball pythons
  6 bats
  A frilled lizard (D:2)
  7 kobolds
  7 rats
104 creatures vanquished.

Vanquished Creatures (others)
  An orc wizard (D:5)
  A goblin (D:2)
2 creatures vanquished.

Grand Total: 106 creatures vanquished

Notes
Turn   | Place    | Note
-------+----------+-------------------------------------------
     0 | D:5      | flotson the Demonspawn Delver began the quest for the Orb.
     0 | D:5      | Reached XP level 1. HP: 18/18 MP: 1/1
    27 | D:5      | Noticed a phantom
    29 | D:5      | Noticed a water moccasin
    29 | D:5      | Noticed an ice beast
    29 | D:5      | Noticed an iguana
    39 | D:4      | Noticed an iguana
    68 | D:4      | Found a bloodstained altar of Trog.
   131 | D:4      | Noticed an orc priest
   312 | D:4      | Gained mutation: You are partially covered in razor-sharp
                  | scales. (AC +1, Slay +1) [demonic ancestry]
   312 | D:4      | Reached XP level 2. HP: 18/24 MP: 2/2
   344 | D:4      | Found a broken altar of Ashenzari.
   346 | D:4      | Found a snail-covered altar of Cheibriados.
   454 | D:3      | Reached skill level 1 in Evocations
   475 | D:2      | Reached XP level 3. HP: 29/29 MP: 3/3
   612 | D:1      | Reached skill level 1 in Armour
   981 | D:1      | Found a faded altar of an unknown god.
  1113 | D:2      | Gained mutation: You regenerate magic rapidly. [demonic
                  | ancestry]
  1113 | D:2      | Reached XP level 4. HP: 35/35 MP: 4/4
  1288 | D:2      | Found a runed translucent door.
  1289 | D:2      | Noticed Crazy Yiuf
  1486 | D:2      | Noticed Jessica
  1492 | D:2      | Killed Jessica
  1759 | D:2      | Reached skill level 1 in Throwing
  1773 | D:2      | Noticed Robin
  1826 | D:2      | Reached XP level 5. HP: 20/41 MP: 5/5
  1979 | D:2      | Killed Robin
  2280 | D:2      | Killed Crazy Yiuf
  2281 | D:2      | Reached skill level 5 in Stealth
  2907 | D:4      | Reached XP level 6. HP: 48/48 MP: 6/6
  3407 | D:4      | Found a staircase to the Ecumenical Temple.
  3521 | Temple   | Entered the Ecumenical Temple
  3648 | Temple   | Became a worshipper of Hepliaklqana the Forgotten
  3693 | D:5      | Identified the +1 leather armour of Hysteria {rC+}
  3777 | D:5      | Noticed a water moccasin
  4036 | D:5      | Reached skill level 1 in Invocations
  4217 | D:5      | Found a transporter.
  4233 | D:5      | Killed a water moccasin
  4234 | D:5      | Gained mutation: When hurt, damage is shared between your
                  | health and your magic reserves. [demonic ancestry]
  4234 | D:5      | Reached XP level 7. HP: 11/54 MP: 6/8
  4398 | D:5      | Found a transporter.
  4656 | D:5      | Found a radiant altar of Vehumet.
  4673 | D:5      | Found an ancient bone altar of Kikubaaqudgha.
  4675 | D:5      | Noticed Menkaure
  4677 | D:5      | Found a basalt altar of Yredelemnul.
  4677 | D:5      | Identified the amulet "Yptopp" {Reflect rPois SH+5}
  4847 | D:5      | Shot with a bolt by an orc warrior

Illustrated notes

Levels and vault maps discovered:
D:1:      elethiomel_arrival_shortcut, layout_rooms,
          shapermc_ecumenical_altar_totnotflames
D:2:      layout_basic, kennysheep_jessica_study, uniq_robin,
          uniq_crazy_yiuf_cottage
D:3:      layout_rooms
D:4:      layout_rooms, mainiacjoe_overflow_small_starburst,
          grunt_temple_overflow_open, minmay_temple_entry_from_below_a,
          minmay_parallelograms
D:5:      layout_rooms, vehumet_crystals, gammafunk_temple_of_torment
Temple:   minmay_temple_forest_path

Skill      XL: |  1  2  3  4  5  6  7 |
---------------+----------------------+-----
Dodging        | 2 3 |  3.8
Axes           | 2 3 |  3.3
Evocations     | 1 2 3 |  3.2
Armour         | 1 2 |  2.9
Throwing       | 1 2 |  2.6
Stealth        | 5 |  5.0
Fighting       | 4 |  4.6
Invocations    | 1 2 |  2.5

Action                   |  1- 3 |  4- 6 |  7- 9 || total
-------------------------+-------+-------+-------++-------
Melee: Hand axe          |    71 |    60 |    52 ||   183
       Dagger            |    46 |    65 |       ||   111
       Quarterstaff      |       |    25 |       ||    25
       Punch             |       |     2 |     1 ||     3
Throw: Boomerang         |       |     7 |       ||     7
       Dart              |       |     6 |       ||     6
  Use: Potion            |       |     6 |     1 ||     7
 Stab: Sleeping          |     3 |     8 |     1 ||    12
Armor: Ring mail         |    60 |    54 |       ||   114
       Leather armour    |       |    23 |    31 ||    54
Dodge: Dodged            |   103 |   110 |    59 ||   272

Table legend: (Time is in decaauts)
 A = Elapsed time spent in this place.
 B = Non-inter-level travel time spent in this place.
 C = Inter-level travel time spent in this place.
 D = Time resting spent in this place.
 E = Time spent auto-exploring this place.
 F = Levels seen in this place.
 G = Mean time per level.
                   A        B        C        D        E       F      G
               +--------+--------+--------+--------+--------+-----+--------+
         Total |   4931 |   4623 |    308 |    405 |   3072 |   6 |  821.8 |
       Dungeon |   4777 |   4495 |    282 |    405 |   2957 |   5 |  955.4 |
        Temple |    153 |    127 |     26 |      0 |    115 |   1 |  153.0 |
               +--------+--------+--------+--------+--------+-----+--------+

Top non-repeatable levels by time:
     D:2: 1226 daAuts
     D:4: 1217 daAuts
     D:5: 1073 daAuts
     D:1: 742 daAuts
     D:3: 516 daAuts
  Temple: 153 daAuts
